 Dungeon Crawl Stone Soup version 0.22-a0-224-g8cf3520 (webtiles) character file.

60 galech the Ruffian (level 3, -17/36 HPs)
             Began as a Troll Monk on Feb 19, 2018.
             Demolished by Crazy Yiuf
             ... wielding a +3 quarterstaff of chaos
              (18 damage)
             ... on level 2 of the Dungeon.
             The game lasted 00:01:27 (1019 turns).

galech the Ruffian (Troll Monk)                     Turns: 1019, Time: 00:01:29

Health: -17/36     AC:  5    Str: 20    XL:     3   Next: 82%
Magic:  2/2        EV: 10    Int:  6    God:
Gold:   102        SH:  0    Dex: 12    Spells: 2/2 levels left

rFire    . . .     SeeInvis .     - Unarmed
rCold    . . .     Gourm    +   (no shield)
rNeg     . . .     Faith    .   a - +0 robe
rPois    .         Spirit   .   (helmet restricted)
rElec    .         Reflect  .   (no cloak)
rCorr    .         Harm     .   (gloves unavailable)
MR       .....                  (boots unavailable)
Stlth    +.........             (no amulet)
HPRegen  0.52/turn              (no ring)
MPRegen  0.08/turn              (no ring)

@: lethally poisoned (-17 -> -19), drained
A: large, unfitting armour, claws 3, fast metabolism 3, gourmand, regeneration
1, shaggy fur 1, tough skin 2
a: no special abilities


You were on level 2 of the Dungeon.
You were completely stuffed.

You visited 1 branch of the dungeon, and saw 2 of its levels.

You collected 102 gold pieces.

Inventory:

Armour
 a - a +0 robe (worn)
Scrolls
 c - 3 scrolls of immolation {unknown}
 e - a scroll of enchant armour {unknown}
 g - a scroll of teleportation {unknown}
 i - a scroll of random uselessness {unknown}
 j - 3 scrolls of identify {unknown}
Potions
 d - a potion of degeneration {unknown}
 f - 2 potions of magic {unknown}
 h - a potion of agility {unknown}
 k - a potion of resistance {unknown}
Comestibles
 b - 5 rations
 l - 4 chunks of flesh


   Skills:
 + Level 2.8(2.5) Fighting
 + Level 3.0(2.7) Dodging
 + Level 1.1(0.8) Stealth
 + Level 3.7(3.4) Unarmed Combat


You had 2 spell levels left.
You didn't know any spells.

Dungeon Overview and Level Annotations

Branches:
Dungeon (2/15)

Altars:

Annotations:
D:2 Crazy Yiuf


Innate Abilities, Weirdness & Mutations

You are too large for most types of armour.
You have claws for hands.
Your metabolism is lightning-fast.
You like to eat raw meat.
Your natural rate of healing is unusually fast.
You are covered in fur. (AC +1)
You have very tough skin. (AC +2)


Message History

Crazy Yiuf is moderately wounded.
Crazy Yiuf drinks a potion.
Crazy Yiuf seems to grow stronger.
You closely miss Crazy Yiuf.
Crazy Yiuf is moderately wounded.
Crazy Yiuf hits you with a quarterstaff of chaos!
You are poisoned.
You scratch Crazy Yiuf.
Crazy Yiuf is moderately wounded.
You feel sick.
Crazy Yiuf hits you with a quarterstaff of chaos!
* * * LOW HITPOINT WARNING * * *
Crazy Yiuf freezes you.
* * * LOW HITPOINT WARNING * * *
You scratch Crazy Yiuf but do no damage.
Crazy Yiuf is moderately wounded.
* * * LOW HITPOINT WARNING * * *
You feel sick.
Crazy Yiuf hits you with a quarterstaff of chaos!!
Ouch! That really hurt!
You die...

#####.....##>(...###...####.#....
#.....#..######...#....# #....))
#....##..# #......#.# #......
#.....#.## ########## ##.....
#<>....... #..... #....#..#..
#..... #....#..# ##### ♣♣##.....
######..# #)..#♣♣ ♣♣........ .#
#g@.'.♣♣♣♣.........
#...#♣..♣..).......
#####♣♣♣.♣.)....... ♣♣♣♣♣##.####
###


You could see Crazy Yiuf.

Vanquished Creatures
  A worm (D:1)
  2 dart slugs (D:1)
  3 leopard geckos (D:1)
  7 goblins
  6 hobgoblins
  5 jackals (D:1)
  7 kobolds
  2 ball pythons
  3 bats (D:1)
  5 frilled lizards (D:1)
  7 rats
48 creatures vanquished.

Notes
Turn   | Place    | Note
-------+----------+-------------------------------------------
     0 | D:1      | galech the Troll Monk began the quest for the Orb.
     0 | D:1      | Reached XP level 1. HP: 22/22 MP: 0/0
    77 | D:1      | Reached XP level 2. HP: 28/29 MP: 1/1
   355 | D:1      | Reached XP level 3. HP: 18/36 MP: 2/2
   996 | D:2      | Found a runed door.
  1010 | D:2      | Noticed Crazy Yiuf
  1018 | D:2      | HP: 1/36 [Crazy Yiuf/quarterstaff of chaos (4)]
  1019 | D:2      | Demolished by Crazy Yiuf

Vault maps used:
D:1:      evilmike_arrival_run_for_it, minmay_nonomino_d4
D:2:      minmay_roachtagon, grunt_temple_overflow_open, first_ration,
          kennysheep_generic_room_3, uniq_crazy_yiuf_cottage

Skill      XL: |  1  2  3 |
---------------+----------+-----
Dodging        | 3 |  3.0
Fighting       | |  2.8
Stealth        | |  1.1
Unarmed Combat | |  3.7

Action                   || total
-------------------------++-------
Melee: Unarmed           ||   129
       Punch             ||     1
 Stab: Distracted        ||     1
       Sleeping          ||     1
  Eat: Chunk             ||    15
Armor: Robe              ||    35
Dodge: Dodged            ||    81

Table legend:
 A = Spawn XP
 B = Non-spawn XP
 C = Spawn XP percentage of total XP
 D = Spawn monster count
 E = Non-spawn monster count
 F = Spawn count percentage of total count
 G = Total turns spent on level
                    A         B        C        D         E        F      G
               +---------+---------+-------+---------+---------+-------+---------
         Total |       0 |      87 |   0.0 |       0 |      48 |   0.0 |  1019
               +---------+---------+-------+---------+---------+-------+---------
           D:1 |       0 |      69 |   0.0 |       0 |      38 |   0.0 |   881
           D:2 |       0 |      18 |   0.0 |       0 |      10 |   0.0 |   138
               +---------+---------+-------+---------+---------+-------+---------
